 Dungeon Crawl Stone Soup version 0.28-a0-751-gef3a642a4e (webtiles) character file.

Game seed: 14625797331399911582

11874 Astera the Basher (level 11, -6/160 HPs)
             Began as a Troll Fighter on Oct 24, 2021.
             Was the Champion of Lugonu.
             Mangled by a war gargoyle (32 damage)
             ... on level 11 of the Dungeon on Oct 30, 2021.
             The game lasted 00:54:09 (9803 turns).

Astera the Basher (Troll Fighter)                   Turns: 9803, Time: 00:54:10

Health: -6/160     AC:  7    Str: 26    XL:     11   Next: 55%
Magic:  3/3        EV: 11    Int:  7    God:    Lugonu [******]
Gold:   555        SH: 20    Dex: 18    Spells: 10/10 levels left

rFire   x . .      SeeInvis +   A - +8 mace of Famine {antimagic, rPois rF- Int+3 SInv}
rCold   . . .      Faith    .   z - +3 tower shield
rNeg    . . .      Spirit   .   P - +0 troll leather armour
rPois   +          Reflect  .   (helmet restricted)
rElec   .          Harm     .   g - +0 cloak
rCorr   +          Rampage  .   (gloves unavailable)
Will    .....                   (boots unavailable)
Stlth   ..........              u - amulet of the acrobat
HPRegen 2.36/turn               K - +6 ring of dexterity
MPRegen 0.08/turn               x - ring of resist corrosion

@: berserking (expiring), studying Crossbows, very quick
A: large, unfitting armour, claws 3, regeneration 1, shaggy fur 1, tough skin 1
a: Renounce Religion, Depart the Abyss, Bend Space, Banish, Corrupt, Enter the
Abyss, Brand Weapon With Distortion


You were on level 11 of the Dungeon.
You worshipped Lugonu.
Lugonu was exalted by your worship.
You visited 1 branch of the dungeon, and saw 11 of its levels.
You also visited: Ossuary.

You collected 739 gold pieces.
You spent 184 gold pieces at shops.

Inventory:

Hand Weapons
 A - the +8 mace of Famine (weapon) {antimagic, rPois rF- Int+3 SInv}
   (You bought it in a shop on level 2 of the Dungeon)

   It reduces the magical energy of the wielder, and disrupts the spells and
   magical abilities of those it strikes.
   Natural abilities and divine invocations are not affected.
   Int:       It affects your intelligence (+3).
   rF:        It makes you vulnerable to fire.
   rPois:     It protects you from poison.
   SInv:      It lets you see invisible.
Missiles
 q - 22 poisoned darts (quivered)
 E - 4 atropa-tipped darts
Armour
 g - a +0 cloak (worn)
 z - a +3 tower shield (worn)
 P - a +0 troll leather armour (worn)
Jewellery
 u - an amulet of the acrobat (around neck)
 x - a ring of resist corrosion (right claw)
 K - a +6 ring of dexterity (left claw)
Wands
 c - a wand of polymorph (14)
 F - a wand of iceblast (23)
 I - a wand of acid (11)
 M - a wand of digging (5)
 O - a wand of charming (7)
 Q - a wand of paralysis (7)
Scrolls
 b - 3 scrolls of magic mapping
 f - 8 scrolls of identify
 i - 4 scrolls of teleportation
 n - a scroll of fear
 p - 2 scrolls of blinking
 r - 2 scrolls of holy word
 s - 4 scrolls of enchant weapon
 t - a scroll of fog {unknown}
 w - a scroll of amnesia {unknown}
 J - a scroll of enchant armour
Potions
 a - 3 potions of mutation
 d - a potion of might
 e - 7 potions of curing
 j - 3 potions of attraction
 k - a potion of flight
 l - 3 potions of brilliance
 m - 4 potions of haste
 o - 2 potions of berserk rage
 v - 2 potions of heal wounds
 B - 2 potions of cancellation
 C - 4 potions of lignification
 G - a potion of invisibility
 N - a potion of magic
Miscellaneous
 h - a condenser vane
 L - a phial of floods


   Skills:
 + Level 6.4 Fighting
 + Level 10.5 Maces & Flails
 + Level 6.8 Dodging
 - Level 0.5 Stealth
 * Level 9.2 Shields


You had 10 spell levels left.
You didn't know any spells.
Your spell library contained the following spells:

 Spells                   Type           Power      Damage    Failure   Level
 Magic Dart               Conj           0%         1d3       88%         1
 Pain                     Necr           0%         1d4       88%         1
 Sandblast                Erth           0%         2d4       88%         1
 Slow                     Hex            0%         N/A       88%         1
 Call Imp                 Summ           0%         N/A       95%         2
 Confusing Touch          Hex            0%         N/A       99%         3
 Dazzling Flash           Conj/Hex       0%         N/A       99%         3
 Mephitic Cloud           Conj/Pois/Air  0%         N/A       99%         3
 Ozocubu's Armour         Ice            0%         N/A       99%         3
 Stone Arrow              Conj/Erth      0%         3d7       99%         3
 Tukima's Dance           Hex            0%         N/A       99%         3
 Animate Armour           Summ/Erth      0%         N/A       100%        4
 Iskenderun's Mystic Bla  Conj/Tloc      0%         2d3       100%        4
 Passage of Golubria      Tloc           0%         N/A       100%        4
 Agony                    Necr           0%         N/A       100%        5
 Excruciating Wounds      Necr           0%         N/A       100%        5
 Freezing Cloud           Conj/Ice/Air   0%         6-21      100%        5
 Metabolic Englaciation   Hex/Ice        0%         N/A       100%        5
 Yara's Violent Unravell  Hex/Tmut       0%         3d3       100%        5
 Simulacrum               Ice/Necr       0%         N/A       100%        6
 Starburst                Conj/Fire      0%         6d3       100%        6
 Lehudib's Crystal Spear  Conj/Erth      0%         10d2      100%        8
 Polar Vortex             Ice            0%         N/A       100%        9


Dungeon Overview and Level Annotations

Branches:
Dungeon (11/15)            Temple (0/1) D:7            Lair (0/6) D:9
    Orc (0/2) D:11        Ossuary (visited)

Altars:
Ashenzari
Cheibriados
Dithmenos
Gozag
Hepliaklqana
Kikubaaqudgha
Makhleb
Sif Muna
Uskayaw
Wu Jian
Xom
Yredelemnul
Lugonu

Shops:
D:2 (*:   D:3 *=(   D:5 :

Portals:
Trove: D:11 (give +4 fire dragon scales)

Annotations:
D:6 exclusion: gargoyle
D:10 Sonja


Innate Abilities, Weirdness & Mutations

You are too large for most types of armour.
You have claws for hands.
Your natural rate of healing is unusually fast.
You are covered in fur. (AC +1)
You have tough skin. (AC +1)


Message History

Okay, then.
Really quaff the potion of mutation?
Okay, then.
Okay, then.
You block the war gargoyle's attack.
The war gargoyle launches metal splinters at you.
The spray of metal splinters hits you!!
The war gargoyle launches metal splinters at you.
The spray of metal splinters misses you.
The war gargoyle hits you with a +3 dire flail of holy wrath!
Things that are here:
a +0 flail; a +0 ring mail The war gargoyle launches metal splinters at you.
The spray of metal splinters hits you!!
* * * LOW HITPOINT WARNING * * *
A red film seems to cover your vision as you go berserk!
You feel yourself moving faster!
You feel mighty!
The war gargoyle hits you with a +3 dire flail of holy wrath!
* * * LOW HITPOINT WARNING * * *
You hit the war gargoyle.
The war gargoyle is lightly damaged.
You block the war gargoyle's attack.
You hit the war gargoyle but do no damage.
The war gargoyle is lightly damaged.
The war gargoyle hits you with a +3 dire flail of holy wrath!!
* * * LOW HITPOINT WARNING * * *
You hit the war gargoyle but do no damage.
The war gargoyle is lightly damaged.
You block the war gargoyle's attack.
You hit the war gargoyle.
The war gargoyle is lightly damaged.
The war gargoyle closely misses you.
You sock the war gargoyle!
The war gargoyle is moderately damaged.
The war gargoyle launches metal splinters at you.
The spray of metal splinters misses you.
You thump the war gargoyle!
The war gargoyle is heavily damaged.
The war gargoyle hits you with a +3 dire flail of holy wrath!!
You die...

#.#.$#.##......##..##....#
#Y#..#.##..##...####......
#.#''#.##...##........##..
#.#[/#.##....#'##########.
#.#Ho#.##...##........##..
#.####.##..##...####......
##....###..#.8.##..##.8...
####''####.##...+...)'...).
#..#..#..#@##.8.##..##.8...
#..#..#..#9###...####......
#.##..##.#..###........##..
#.##V.##.##.# #'##########.
#..#..#..##.###.....[..##..
#..#..#..##.##...####......
#..#..#..##.....##..##....#
#........#....)...........#
#...##VY.#.#....##..##...##


You could see a war gargoyle (catching breath).

Vanquished Creatures
  Josephine (D:11)
  A boulder beetle (D:11)
  A two-headed ogre (D:9)
  Pikel (D:9)
  A gargoyle (D:11)
  2 unseen horrors
  2 guardian mummies
  2 trolls
  Prince Ribbit (D:9)
  A hornet (D:9)
  A meliai zombie (D:11)
  2 wyverns
  5 wraiths
  Grum (D:10)
  3 steam dragons
  2 wargs (D:11)
  A water moccasin (D:7)
  6 orc warriors
  3 black bears
  An ice beast (D:7)
  A necrophage (D:6)
  An ogre (D:4)
  4 wolves (D:10)
  2 centaurs
  A phantom (D:6)
  A lemure (D:9)
  A kobold brigand (D:6)
  2 bullfrogs
  2 wyvern zombies
  2 scorpions
  3 water moccasin zombies
  A wyvern skeleton (D:7)
  19 killer bees
  6 howler monkeys
  5 bullfrog zombies
  7 centaur zombies
  A hound (D:7)
  A bullfrog skeleton (D:5)
  12 orc priests
  A centaur skeleton (D:6)
  4 iguanas
  13 orc wizards
  A killer bee zombie (Ossuary)
  18 mummies (Ossuary)
  2 howler monkey zombies (Ossuary)
  4 gnolls (D:3)
  5 adders
  2 howler monkey skeletons
  A white imp (D:5)
  2 worms
  3 dart slugs
  35 orcs
  6 endoplasms
  4 giant cockroaches
  8 goblins
  11 hobgoblins
  4 jackals (D:1)
  6 quokkas
  11 ball pythons
  6 bats
  6 frilled lizards
  3 kobolds (D:1)
  8 rats
274 creatures vanquished.

Vanquished Creatures (others)
  An orc wizard (D:8)
  10 withered plants
11 creatures vanquished.

Grand Total: 285 creatures vanquished

Notes
Turn   | Place    | Note
-------+----------+-------------------------------------------
     0 | D:1      | Astera the Troll Fighter began the quest for the Orb.
     0 | D:1      | Reached XP level 1. HP: 22/22 MP: 0/0
    53 | D:1      | Reached XP level 2. HP: 23/29 MP: 1/1
   138 | D:1      | Reached skill level 2 in Maces & Flails
   164 | D:1      | Found a faded altar of an unknown god.
   174 | D:1      | Got Plato's Almanac of Earth
   175 | D:1      | Prayed at the altar of an unknown god.
   175 | D:1      | Became a worshipper of Lugonu the Unformed
   175 | D:1      | Reached * piety under Lugonu
   175 | D:1      | Reached ** piety under Lugonu
   333 | D:1      | Reached XP level 3. HP: 33/36 MP: 2/2
   518 | D:2      | Found Canagojy's General Store.
   519 | D:2      | Found Nicif's Antique Weapon Emporium.
   588 | D:2      | Found Ojuylada's Book Shop.
   772 | D:2      | Reached XP level 4. HP: 44/44 MP: 3/3
   840 | D:2      | Reached *** piety under Lugonu
   953 | D:3      | Found Curetug's Jewellery Shoppe.
  1027 | D:3      | Found Rajorch's General Store.
  1097 | D:3      | Found a shadowy altar of Dithmenos.
  1108 | D:3      | Found Dodiugol's Antique Weapon Shoppe.
  1133 | D:3      | Reached skill level 3 in Maces & Flails
  1133 | D:3      | Reached XP level 5. HP: 45/52 MP: 4/4
  1184 | D:3      | Found a shimmering altar of Xom.
  1542 | D:4      | Noticed an ogre
  1626 | D:4      | Found a snail-covered altar of Cheibriados.
  1793 | D:4      | Reached XP level 6. HP: 61/61 MP: 5/5
  1803 | D:4      | Found an ancient bone altar of Kikubaaqudgha.
  2129 | D:4      | Reached skill level 4 in Maces & Flails
  2300 | D:4      | Found a burning altar of Makhleb.
  2300 | D:4      | Noticed an Executioner
  2303 | D:4      | Noticed an orange demon
  2303 | D:4      | Noticed a hellwing
  2543 | D:5      | Entered Level 5 of the Dungeon
  2591 | D:5      | Found an opulent altar of Gozag.
  2708 | D:2      | Bought a polished mace for 184 gold pieces
  2708 | D:2      | Identified the +8 mace of Famine {antimagic, rPois rF-
                  | Int+3 SInv} (You bought it in a shop on level 2 of the
                  | Dungeon)
  2759 | D:5      | Found Qockygit's Book Shoppe.
  2814 | D:5      | Found an ornate altar of the Wu Jian Council.
  2925 | D:5      | Found a broken altar of Ashenzari.
  3056 | D:5      | Noticed a wyvern
  3074 | D:5      | Killed a wyvern
  3075 | D:5      | Reached XP level 7. HP: 42/67 MP: 2/6
  3135 | D:5      | Reached skill level 5 in Maces & Flails
  3296 | D:6      | Noticed a steam dragon
  3304 | D:5      | Killed a steam dragon
  3358 | D:6      | Reached **** piety under Lugonu
  3452 | D:6      | Reached XP level 8. HP: 78/78 MP: 2/7
  3571 | D:6      | Reached skill level 6 in Maces & Flails
  3696 | D:6      | Found a hide-covered altar of Uskayaw.
  4169 | D:6      | Noticed a gargoyle
  4538 | D:7      | Reached skill level 5 in Shields
  4581 | D:7      | Found a basalt altar of Yredelemnul.
  4934 | D:7      | Reached skill level 7 in Maces & Flails
  4944 | D:7      | Reached XP level 9. HP: 85/85 MP: 2/8
  4997 | D:7      | Found a staircase to the Ecumenical Temple.
  5268 | D:8      | Reached skill level 5 in Dodging
  5284 | D:8      | Found a sand-covered staircase.
  5289 | Ossuary  | Entered an ossuary
  5346 | Ossuary  | Reached ***** piety under Lugonu
  5489 | Ossuary  | Reached skill level 8 in Maces & Flails
  5861 | D:8      | Reached skill level 5 in Fighting
  5931 | D:8      | Found a hazy altar of Hepliaklqana.
  6403 | D:9      | Reached XP level 10. HP: 95/96 MP: 3/9
  6509 | D:9      | Reached skill level 9 in Maces & Flails
  6795 | D:9      | You fall into a shaft and drop 1 floor!
  6795 | D:10     | Entered Level 10 of the Dungeon
  7038 | D:9      | Noticed Pikel
  7058 | D:9      | Killed Pikel
  7082 | D:9      | Noticed Prince Ribbit
  7103 | D:9      | Killed Prince Ribbit
  7176 | D:9      | Found a staircase to the Lair.
  7251 | D:9      | Upgraded the game from 0.28-a0-704-g4d584c6bc1 to
                  | 0.28-a0-724-g66f9036eb4
  7353 | D:10     | Noticed Sonja
  7481 | D:10     | Reached ****** piety under Lugonu
  7680 | D:10     | Noticed a two-headed ogre
  7735 | D:9      | Killed a two-headed ogre
  7858 | D:10     | Noticed Grum
  7879 | D:10     | Reached skill level 10 in Maces & Flails
  7948 | D:10     | Killed Grum
  7949 | D:10     | Reached XP level 11. HP: 69/105 MP: 3/10
  8267 | D:10     | Found a shimmering blue altar of Sif Muna.
  8337 | D:11     | Found a portal to a secret trove of treasure.
  8478 | D:11     | Noticed a boulder beetle
  8530 | D:11     | Found a gate leading to a gauntlet.
  8618 | D:11     | Upgraded the game from 0.28-a0-724-g66f9036eb4 to
                  | 0.28-a0-751-gef3a642a4e
  8699 | D:11     | Noticed Josephine
  8716 | D:11     | Killed Josephine
  9148 | D:11     | Killed a boulder beetle
  9527 | D:11     | Found a staircase to the Orcish Mines.
  9737 | D:11     | Noticed an orc knight
  9737 | D:11     | Noticed a catoblepas
  9737 | D:11     | Noticed a war gargoyle
  9737 | D:11     | Noticed a sphinx
  9803 | D:11     | Mangled by a war gargoyle

Illustrated notes

Levels and vault maps discovered:
D:1:      wander_arrival_lonely_grave, layout_rooms,
          shapermc_ecumenical_altar_rom_forum, corner_web_ring,
          minmay_curled_crystal
D:2:      layout_rooms, serial_shops, shop, shop, nicolae_shop_waterfront,
          serial_park_tiny_2
D:3:      layout_rooms, mainiacjoe_overflow_big_doors, serial_shops,
          nicolae_shop_stone, nicolae_diamond_shop, shop
D:4:      layout_basic, kiku_gazebo_garden_becter, makhleb_altar_promises_db,
          mainiacjoe_overflow_alcove_1
D:5:      layout_loops_cross, cheibrodos_ashenzari_chains,
          nicolae_gozag_cash_rules_everything_around_me,
          nzn_wu_jian_contemplation, serial_shops, shop
D:6:      layout_basic, lemuel_crystal_altar, serial_co_window_serial,
          co_window_paths_a, co_window_paths_b, co_window_of_opportunity_a,
          co_window_paths_a, co_window_paths_b, co_window_of_opportunity_c,
          co_window_2corner, co_window_paths_c, co_window_broadway_b,
          glass_columns_c, glass_columns_c, glass_columns_a, glass_columns_a,
          glass_columns_a, portal_sewer_entry_f, st_stairs_5,
          minmay_manual_mandibuliform
D:7:      layout_loops_ring, mainiacjoe_overflow_surrounded_room,
          minmay_temple_entry_mist
D:8:      layout_loops_ring, general_overflow_altar,
          nicolae_ossuary_entry_false_entrances
D:9:      layout_basic, lair_entry_dummy, uniq_pikel, uniq_prince_ribbit1
D:10:     layout_loops_ring, lemuel_blue_sif_altar, uniq_sonja, uniq_grum
D:11:     layout_basic, david_orc_1_choice, gauntlet_entry_generic,
          nicolae_trove_entry_path_of_doom, serial_glass, glass_columns_a,
          glass_columns_a, wad_scary_box, uniq_josephine

Skill      XL: |  1  2  3  4  5  6  7  8  9 10 11 |
---------------+----------------------------------+-----
Maces & Flails | 2 3 4 5 7 8 10 | 10.5
Shields        | 3 4 5 6 8 9 |  9.2
Dodging        | 3 4 5 6 |  6.8
Fighting       | 3 4 5 6 |  6.4
Stealth        | |  0.5

Action                   |  1- 3 |  4- 6 |  7- 9 | 10-12 || total
-------------------------+-------+-------+-------+-------++-------
Melee: Flail             |   158 |   155 |       |       ||   313
       Morningstar       |       |    30 |       |       ||    30
       Mace              |       |    16 |   383 |   464 ||   863
Throw: Dart              |       |       |       |     6 ||     6
  Use: Scroll            |       |     3 |    13 |     8 ||    24
       Potion            |       |       |     1 |     1 ||     2
 Stab: Sleeping          |       |     2 |       |       ||     2
       Distracted        |       |       |     1 |       ||     1
Armor: Robe              |    93 |    41 |    33 |       ||   167
       Steam dragon scal |       |       |    35 |    48 ||    83
       Troll leather arm |       |       |       |    19 ||    19
Dodge: Dodged            |   100 |   122 |   213 |   226 ||   661
Block: Kite shield       |   102 |    93 |   154 |   189 ||   538
       Tower shield      |       |       |       |   118 ||   118

Table legend: (Time is in decaauts)
 A = Elapsed time spent in this place.
 B = Non-inter-level travel time spent in this place.
 C = Inter-level travel time spent in this place.
 D = Time resting spent in this place.
 E = Time spent auto-exploring this place.
 F = Levels seen in this place.
 G = Mean time per level.
                   A        B        C        D        E       F      G
               +--------+--------+--------+--------+--------+-----+--------+
         Total |  10133 |   9530 |    603 |    551 |   3607 |  12 |  844.4 |
       Dungeon |   9711 |   9108 |    603 |    551 |   3586 |  11 |  882.8 |
       Ossuary |    421 |    421 |      0 |      0 |     21 |   1 |  421.0 |
               +--------+--------+--------+--------+--------+-----+--------+

Top non-repeatable levels by time:
    D:11: 1304 daAuts
     D:9: 1067 daAuts
    D:10: 1045 daAuts
     D:6: 1016 daAuts
     D:4: 989 daAuts
     D:8: 876 daAuts
     D:3: 837 daAuts
     D:5: 832 daAuts
     D:7: 741 daAuts
     D:1: 518 daAuts
     D:2: 483 daAuts
 Ossuary: 421 daAuts
